 Dungeon Crawl Stone Soup version 0.23.0 (webtiles) character file.

Game seed: 16994912085055953966

16200 grindst0ne the Slicer (level 12, -2/80 (82) HPs)
             Began as a Kobold Berserker on Feb 10, 2019.
             Was a High Priest of Trog.
             Succumbed to a spiny frog's poison
             ... on level 1 of the Lair of Beasts.
             The game lasted 00:20:41 (13527 turns).

grindst0ne the Slicer (Kobold Berserker)           Turns: 13527, Time: 00:20:42

HP:   -2/80 (82)    AC:  7    Str: 15    XL:     12   Next: 67%
MP:   16/16         EV: 25    Int: 10    God:    Trog [*****.]
Gold: 723           SH:  0    Dex: 17    Spells: 11/11 levels left

rFire    . . .     SeeInvis .   q - +1 dagger (venom)
rCold    . . .     Gourm    .   (shield restricted)
rNeg     . . .     Faith    .   N - +0 troll leather armour
rPois    .         Spirit   .   (no helmet)
rElec    .         Reflect  .   (no cloak)
rCorr    +         Harm     .   u - +1 pair of gloves
MR       +....                  G - +0 pair of boots
Stlth    +.........             I - amulet of regeneration
HPRegen  1.03/turn              t - ring of protection from magic
MPRegen  0.15/turn              B - ring of resist corrosion

@: lethally poisoned (-2 -> -15), berserk cooldown, slowed, very slow
A: small, carnivore
a: Berserk, Trog's Hand, Brothers in Arms, Renounce Religion


You were on level 1 of the Lair of Beasts.
You worshipped Trog.
Trog was extremely pleased with you.
You were very full.

You visited 2 branches of the dungeon, and saw 14 of its levels.

You collected 723 gold pieces.

Inventory:

Hand Weapons
 q - a +1 dagger of venom (weapon)
Missiles
 D - a throwing net (quivered)
Armour
 u - a +1 pair of gloves (worn)
 G - a +0 pair of boots (worn)
 N - a +0 troll leather armour (worn)
Jewellery
 b - a +4 amulet of reflection {unknown}
 t - a ring of protection from magic (left hand)
 B - a ring of resist corrosion (right hand)
 I - an amulet of regeneration (around neck)
Wands
 a - a wand of polymorph (8)
 r - a wand of clouds (2)
 y - a wand of enslavement (11)
 C - a wand of flame (41)
 H - a wand of disintegration (24)
 K - a wand of paralysis (8)
Scrolls
 d - 6 scrolls of remove curse
 h - a scroll of amnesia
 k - a scroll of blinking
 l - a scroll of fear
 m - 5 scrolls of teleportation
 o - 3 scrolls of enchant armour
 z - 2 scrolls of enchant weapon {unknown}
 E - a scroll of magic mapping {unknown}
 F - 2 scrolls of immolation {unknown}
 P - a scroll of torment {unknown}
Potions
 f - 6 potions of curing
 g - 3 potions of agility
 i - 2 potions of magic {unknown}
 j - 2 potions of haste
 p - a potion of brilliance
 s - 4 potions of heal wounds {unknown}
 v - 2 potions of resistance
 x - 3 potions of cancellation
 J - 2 potions of flight {unknown}
 M - a potion of invisibility {unknown}
 Q - a potion of mutation {unknown}
Comestibles
 c - 23 rations


   Skills:
 + Level 12.4 Fighting
 - Level 14.0 Short Blades
 - Level 1.5 Armour
 + Level 13.2 Dodging
 * Level 6.0 Evocations


You had 11 spell levels left.
You didn't know any spells.
Your spell library was empty.

Dungeon Overview and Level Annotations

Branches:
Dungeon (13/15)            Temple (0/1) D:7            Lair (1/6) D:9
    Orc: D:9-12      Vaults: D:13-14

Altars:
Cheibriados
Fedhas
Gozag
Hepliaklqana
Kikubaaqudgha
Makhleb
Nemelex Xobeh
Qazlal
Trog
Vehumet
Wu Jian
Xom
Yredelemnul
The Shining One


Innate Abilities, Weirdness & Mutations

You are small and have problems with some larger weapons.
You are carnivorous and can eat meat at any time.


Message History

You are too berserk!
You feel a strong urge to attack something.
* * * LOW HITPOINT WARNING * * *
You feel very sick.
There is a lethal amount of poison in your body!
There is a lethal amount of poison in your body!
You are too berserk!
You are too berserk!
Okay, then.
* * * LOW HITPOINT WARNING * * *
You feel sick.
You feel your anger nearly subside.
You are no longer berserk.
Trog's vigour flows through your veins.
You are exhausted.
You feel yourself slow down.
* * * LOW HITPOINT WARNING * * *
You feel sick.
* * * LOW HITPOINT WARNING * * *
You feel very sick.
You die...

..........#
+..>.....##
#.........
##........##
#.........P#
#.....††..#
#.#.+#
###...#
#..@.##
##.#.P####
#........#
#........#
..#........#
#.#........#
#..........#
##.........##
##.........#


There were no monsters in sight!

Vanquished Creatures
  Erolcha (D:11)
  2 two-headed ogres
  3 death yaks (D:9)
  Nergalle (D:10)
  2 unseen horrors
  Pikel (D:5)
  An ugly thing (D:11)
  A cyclops (D:12)
  A spiny frog (Lair:1)
  A gargoyle (D:12)
  A komodo dragon (Lair:1)
  2 trolls
  3 hippogriffs
  2 shadows (D:11)
  A wyvern (D:11)
  A spriggan (D:8)
  4 yaks (D:9)
  The ghost of vogonpoet the Vexing, an amateur SpEn (D:6)
  Eustachio (D:4)
  4 hungry ghosts
  A steam dragon (D:10)
  Edmund (D:5)
  An acid dragon (D:11)
  A porcupine (D:9)
  2 sky beasts
  2 orc warriors
  An ice beast (D:11)
  3 phantoms
  9 ogres
  2 necrophages
  2 centaurs (D:9)
  2 big kobolds
  A crocodile (Lair:1)
  9 bullfrogs
  A scorpion (D:8)
  6 wights
  2 howler monkeys
  2 electric eels (D:9)
  4 crimson imps
  A bullfrog zombie (D:12)
  4 hounds
  3 bullfrog skeletons
  A centaur zombie (D:11)
  3 orc priests
  4 centaur skeletons
  7 orc wizards
  4 iguanas
  Ijyb (D:5)
  10 worker ants
  A hound zombie (D:9)
  3 hound skeletons
  2 worker ant zombies
  12 adders
  3 gnolls (D:3)
  A howler monkey skeleton (D:6)
  2 river rats (D:9)
  5 shadow imps
  An ooze (D:7)
  2 adder zombies
  5 worms
  2 dart slugs
  3 leopard geckos
  29 orcs
  2 ball pythons
  9 bats
  7 giant cockroaches
  9 goblins
  5 hobgoblins
  10 jackals
  8 quokkas
  4 frilled lizards
  18 kobolds
  2 leopard gecko skeletons
  A quokka skeleton (D:9)
  6 rats
276 creatures vanquished.

Vanquished Creatures (others)
  An acid dragon (D:12)
  A crimson imp (D:5)
  A jelly (D:5)
  A worker ant (D:5)
  A worm (D:5)
  An orc (D:10)
  3 plants (D:9)
9 creatures vanquished.

Grand Total: 285 creatures vanquished

Notes
Turn   | Place    | Note
-------+----------+-------------------------------------------
     0 | D:1      | grindst0ne the Kobold Berserker began the quest for the
                  | Orb.
     0 | D:1      | Reached XP level 1. HP: 14/14 MP: 1/1
    89 | D:1      | Reached XP level 2. HP: 17/19 MP: 2/2
   718 | D:1      | Reached XP level 3. HP: 18/24 MP: 3/3
  1211 | D:2      | Reached ** piety under Trog
  1211 | D:2      | Reached XP level 4. HP: 16/29 MP: 4/4
  1786 | D:2      | Reached skill level 5 in Short Blades
  2231 | D:3      | Reached XP level 5. HP: 29/34 MP: 5/5
  2348 | D:3      | Noticed a phantom
  2434 | D:3      | Killed a phantom
  2434 | D:3      | Reached XP level 6. HP: 8/40 MP: 6/6
  2774 | D:3      | Reached skill level 5 in Fighting
  2774 | D:3      | Reached skill level 6 in Short Blades
  3445 | D:4      | Noticed an ogre
  3453 | D:4      | Killed an ogre
  3453 | D:4      | Reached skill level 5 in Dodging
  3453 | D:4      | Reached XP level 7. HP: 34/44 MP: 7/7
  3473 | D:4      | Reached *** piety under Trog
  3673 | D:4      | Noticed Eustachio
  3689 | D:4      | Killed Eustachio
  3689 | D:4      | Reached skill level 7 in Short Blades
  3773 | D:4      | Reached XP level 8. HP: 51/51 MP: 8/8
  4268 | D:4      | Found a blossoming altar of Fedhas.
  4423 | D:4      | Found a burning altar of Makhleb.
  4432 | D:4      | Found a hazy altar of Hepliaklqana.
  4480 | D:5      | Entered Level 5 of the Dungeon
  4542 | D:5      | Noticed Ijyb
  4542 | D:5      | Noticed Pikel
  4559 | D:5      | Killed Pikel
  4559 | D:5      | Reached skill level 8 in Short Blades
  4562 | D:5      | Killed Ijyb
  4562 | D:5      | Reached XP level 9. HP: 57/57 MP: 9/9
  4778 | D:5      | Found a radiant altar of Vehumet.
  4796 | D:5      | Reached skill level 9 in Short Blades
  4916 | D:5      | Found a stormy altar of Qazlal.
  5036 | D:5      | Found a burning altar of Makhleb.
  5099 | D:5      | Noticed Edmund
  5125 | D:5      | Killed Edmund
  6035 | D:6      | Noticed vogonpoet's ghost (amateur SpEn)
  6038 | D:6      | Found a runed translucent door.
  6125 | D:6      | Killed vogonpoet's ghost
  6125 | D:6      | Reached skill level 10 in Short Blades
  6464 | D:6      | Reached **** piety under Trog
  7195 | D:7      | Reached XP level 10. HP: 65/65 MP: 10/10
  7237 | D:7      | Found an ancient bone altar of Kikubaaqudgha.
  7237 | D:7      | Found a glowing golden altar of the Shining One.
  7238 | D:7      | Found a basalt altar of Yredelemnul.
  7349 | D:7      | Found a bloodstained altar of Trog.
  7349 | D:7      | Found an ornate altar of the Wu Jian Council.
  7350 | D:7      | Found a sparkling altar of Nemelex Xobeh.
  7350 | D:7      | Found an opulent altar of Gozag.
  7504 | D:7      | Found a staircase to the Ecumenical Temple.
  7925 | D:8      | Reached skill level 11 in Short Blades
  8185 | D:8      | Found a shimmering altar of Xom.
  8415 | D:8      | Reached skill level 10 in Dodging
  9303 | D:9      | Noticed a death yak
  9303 | D:9      | Noticed a death yak
  9308 | D:9      | Noticed a death yak
  9323 | D:9      | Killed a death yak
  9323 | D:9      | Reached skill level 10 in Fighting
  9341 | D:9      | Killed a death yak
  9341 | D:9      | Reached skill level 12 in Short Blades
  9341 | D:9      | Reached XP level 11. HP: 71/71 MP: 11/11
  9364 | D:9      | Killed a death yak
  9466 | D:9      | Found a staircase to the Lair.
  9609 | D:9      | Found a snail-covered altar of Cheibriados.
 10168 | D:10     | Entered Level 10 of the Dungeon
 10316 | D:10     | Reached ***** piety under Trog
 10574 | D:10     | Reached skill level 13 in Short Blades
 10742 | D:10     | Noticed Nergalle
 10750 | D:10     | Noticed a spectral orc warlord
 10764 | D:10     | Killed Nergalle
 11013 | D:10     | Noticed a two-headed ogre
 11027 | D:10     | Killed a two-headed ogre
 11634 | D:11     | You fall through a shaft for 2 floors!
 11640 | D:13     | Reached skill level 1 in Evocations
 11804 | D:12     | Noticed a cyclops
 11814 | D:12     | Killed a cyclops
 12003 | D:12     | Killed an unseen horror
 12003 | D:12     | Reached XP level 12. HP: 61/78 MP: 12/14
 12045 | D:11     | Noticed Erolcha
 12141 | D:11     | Killed Erolcha
 12274 | D:11     | Noticed a two-headed ogre
 12295 | D:11     | Killed a two-headed ogre
 12295 | D:11     | Reached skill level 14 in Short Blades
 12298 | D:11     | Killed an unseen horror
 12433 | D:11     | Reached skill level 5 in Evocations
 13142 | Lair:1   | Entered Level 1 of the Lair of Beasts
 13525 | Lair:1   | HP: 4/80 [poisoned by a spiny frog]
 13526 | Lair:1   | HP: 1/80 [poisoned by a spiny frog]
 13527 | Lair:1   | Succumbed to a spiny frog's poison

Skill      XL: |  1  2  3  4  5  6  7  8  9 10 11 12 |
---------------+-------------------------------------+-----
Dodging        | 3 4 5 6 7 9 10 12 13 | 13.2
Fighting       | 4 5 6 7 9 10 11 12 | 12.4
Short Blades   | 5 6 7 8 10 12 13 14 | 14.0
Evocations     | 2 6 |  6.0
Armour         | |  1.5

Action                   |  1- 3 |  4- 6 |  7- 9 | 10-12 || total
-------------------------+-------+-------+-------+-------++-------
Melee: Short sword       |   131 |    34 |       |       ||   165
       Dagger            |       |   184 |   484 |   995 ||  1663
Invok: Berserk           |     2 |     3 |    11 |    25 ||    41
       Trog's Hand       |       |       |       |     1 ||     1
Evoke: Wand              |       |       |       |     9 ||     9
  Use: Scroll            |       |       |     9 |     5 ||    14
       Potion            |       |       |     1 |     2 ||     3
 Stab: Sleeping          |       |       |       |     1 ||     1
  Eat: Chunk             |    11 |     9 |    20 |    56 ||    96
       Ration            |       |       |       |     1 ||     1
Armor: Animal skin       |    12 |       |       |       ||    12
       Ring mail         |    15 |    50 |    35 |    46 ||   146
       Skin              |       |       |     8 |       ||     8
       Troll leather arm |       |       |       |    56 ||    56
Dodge: Dodged            |    99 |   102 |   280 |   551 ||  1032
